 Dungeon Sprint DCSS version 0.18-a0-1788-g92de1ac (webtiles) character file.

464 wvc the Cleaver (level 6, -3/44 HPs)
             Began as a Demonspawn Gladiator on Apr 19, 2016.
             Slain by a yak (17 damage)
             ... in the Dungeon (Sprint I: "Red Sonja").
             The game lasted 00:01:36 (773 turns).

wvc the Cleaver (Demonspawn Gladiator)               Turns: 773, Time: 00:01:37

Health: -3/44      AC:  3    Str: 15    XL:     6   Next: 80%
Magic:  6/6        EV: 12    Int:  9    God:
Gold:   297        SH:  0    Dex: 16    Spells: 0 memorised, 5 levels left

rFire  . . .     SeeInvis .     a - +0 war axe
rCold  + . .     Gourm    .     b - +0 leather armour
rNeg   . . .     Faith    .     (no shield)
rPois  .         Spirit   .     (helmet restricted)
rElec  .         Dismiss  .     (no cloak)
rCorr  .         Reflect  .     (no gloves)
SustAt .         Harm     .     (no boots)
MR     .....     NoTele   +     (no amulet)
Stlth  +.........               (no ring)
                                (no ring)

@: not resistant to hostile enchantments, very unstealthy
A: claws 1, hooves 1, horns 1, cold resistance 1
a: no special abilities


You were in the Dungeon.
You were not hungry.

You visited 1 branch You collected 297 gold pieces.

Inventory:

Hand Weapons
 a - a +0 war axe (weapon)
Missiles
 d - a throwing net (quivered)
Armour
 b - a +0 leather armour (worn)
 c - a +0 helmet
Scrolls
 k - a scroll of blinking
Potions
 e - a potion of curing
 g - a potion of heal wounds
 h - a potion of haste
 i - 2 potions of magic
 j - a potion of berserk rage
Comestibles
 f - a bread ration


   Skills:
 - Level 2.0 Fighting
 + Level 13.2 Axes
 - Level 1.7 Throwing
 - Level 2.6 Dodging


You had 5 spell levels left.
You didn't know any spells.

Dungeon Overview and Level Annotations

Branches:
Dungeon (1/1)

Altars:
Cheibriados
Dithmenos
Elyvilon
Fedhas
Gozag
Kikubaaqudgha
Makhleb
Nemelex Xobeh
Pakellas
Qazlal
Ru
Sif Muna
Vehumet
Xom
Yredelemnul
Zin
The Shining One
Jiyva

Shops:
D [


Innate Abilities, Weirdness & Mutations

You have sharp fingernails.
You have large cloven feet.
You have a pair of small horns on your head.
Your flesh is cold resistant.


Message History

There is an open door here.
You open the door.
A yak comes into view.
Found Semmugg's Antique Armour Emporium.
Found twelve altars.
You hit the yak. Your kick misses the yak.
The yak is lightly wounded.
The yak barely misses you.
You hit the yak. You kick the yak, but do no damage.
The yak is lightly wounded.
The yak gores you!
You hit the yak. Your kick misses the yak.
The yak is lightly wounded.
You hit the yak. You kick the yak, but do no damage. You headbutt the yak.
The yak is moderately wounded.
The yak gores you!
You completely miss the yak. Your headbutt misses the yak.
The yak is moderately wounded.
The yak gores you!
You die...

###################
#<.#..)..#..'..#__#
#..').#..)..#..'..+
#..#####'#####'#__#
#..# #..#...#)####
#..#__####..##(#
#..#_.___##'#..+
#⌠⌠#_.∩...Y@.._#
####_..._##_.#+#
___ ##+# #


You could see a yak.

Vanquished Creatures
  A slime creature (D)
  Sigmund (D)
  An ogre (D)
  A jelly (D)
  Ijyb (D)
5 creatures vanquished.

Vanquished Creatures (others)
  A gargoyle (D)
1 creature vanquished.

Grand Total: 6 creatures vanquished

Notes
Turn   | Place    | Note
--------------------------------------------------------------
     0 | D        | wvc the Demonspawn Gladiator began the quest for the Orb.
     0 | D        | Reached XP level 1. HP: 16/16 MP: 1/1
     1 | D        | Noticed Ijyb
    14 | D        | Killed Ijyb
    14 | D        | Reached skill level 6 in Axes
    14 | D        | Gained mutation: You have sharp fingernails. [demonic ancestry]
    14 | D        | Reached XP level 2. HP: 12/22 MP: 2/2
   156 | D        | Noticed an ogre
   167 | D        | Killed an ogre
   167 | D        | Reached skill level 8 in Axes
   167 | D        | Gained mutation: You have large cloven feet. [demonic ancestry]
   167 | D        | Reached XP level 3. HP: 27/27 MP: 3/3
   167 | D        | Gained mutation: Your flesh is cold resistant. [demonic ancestry]
   167 | D        | Reached XP level 4. HP: 33/33 MP: 4/4
   282 | D        | Noticed Sigmund
   302 | D        | Killed Sigmund
   302 | D        | Reached skill level 11 in Axes
   302 | D        | Gained mutation: You have a pair of small horns on your head. [demonic ancestry]
   302 | D        | Reached XP level 5. HP: 24/38 MP: 5/5
   434 | D        | Found a snail-covered altar of Cheibriados.
   434 | D        | Found a viscous altar of Jiyva.
   434 | D        | Found a shadowy altar of Dithmenos.
   434 | D        | Found a blossoming altar of Fedhas.
   434 | D        | Noticed a slime creature
   448 | D        | Killed a slime creature
   448 | D        | Reached skill level 13 in Axes
   448 | D        | Reached XP level 6. HP: 12/44 MP: 6/6
   630 | D        | Killed a gargoyle
   678 | D        | Found a deep blue altar of Sif Muna.
   680 | D        | Found a radiant altar of Vehumet.
   768 | D        | Found Semmugg's Antique Armour Emporium.
   768 | D        | Found a white marble altar of Elyvilon.
   768 | D        | Found a stormy altar of Qazlal.
   768 | D        | Found a burning altar of Makhleb.
   768 | D        | Found a sacrificial altar of Ru.
   768 | D        | Found an oddly glowing altar of Pakellas.
   768 | D        | Found a basalt altar of Yredelemnul.
   768 | D        | Found a glowing golden altar of the Shining One.
   768 | D        | Found a sparkling altar of Nemelex Xobeh.
   768 | D        | Found a shimmering altar of Xom.
   768 | D        | Found an opulent altar of Gozag.
   768 | D        | Found an ancient bone altar of Kikubaaqudgha.
   768 | D        | Found a glowing silver altar of Zin.
   768 | D        | Noticed a yak
   773 | D        | Slain by a yak

Vault maps used:
D:        dungeon_sprint_1

Skill      XL: |  1  2  3  4  5 |
---------------+----------------+-----
Axes           | 6 8 11 13 | 13.2
Fighting       | |  2.0
Throwing       | |  1.7
Dodging        | |  2.6

Action                   |  1- 3 |  4- 6 || total
-------------------------+-------+-------++-------
Melee: War axe           |    18 |    31 ||    49
       Kick              |       |    13 ||    13
       Headbutt          |       |     7 ||     7
Throw: Throwing net      |     3 |     2 ||     5
 Stab: Held in net/web   |     1 |     4 ||     5
Armor: Leather armour    |     2 |     1 ||     3
Dodge: Dodged            |    11 |     7 ||    18
